[Event "ICCopen2017"]
[Site "Internet Chess Club"]
[Date "2017.03.26"]
[Round "3"]
[White "splashlee2010"]
[Black "croder"]
[Result "0-1"]
[ICCResult "White resigns"]
[WhiteElo "1187"]
[BlackElo "1532"]
[Opening "Philidor's defense"]
[ECO "C41"]
[NIC "KP.10"]
[Time "19:30:43"]
[TimeControl "180+0"]

1. e4 e5 2. Nf3 d6 3. Bc4 Be6 4. Qe2 Nf6 5. c3 Be7 6. Bb5+ c6 7. Ba4 O-O 8.
O-O Nbd7 9. Bc2 Re8 10. d3 Bg4 11. h3 Bh5 12. Be3 b6 13. Nbd2 d5 14. Bg5 c5
15. exd5 Nxd5 16. Bxe7 Qxe7 17. g4 Bg6 18. Ne4 Nf4 19. Qe3 Nxh3+ 20. Kh2 Nf4
21. g5 f5 22. gxf6 Nxf6 23. Bb3+ Kh8 24. Rae1 Ng4+ {White resigns} 0-1

[Event "ICCopen2017"]
[Site "Internet Chess Club"]
[Date "2017.03.26"]
[Round "3"]
[White "Nc3-4Me"]
[Black "Shadeath"]
[Result "0-1"]
[ICCResult "White checkmated"]
[WhiteElo "1826"]
[BlackElo "2784"]
[Opening "Robatsch (modern) defense"]
[ECO "A00"]
[NIC "VO.15"]
[Time "19:30:33"]
[TimeControl "180+0"]

1. Nc3 g6 2. d4 Bg7 3. e4 d6 4. Be3 a6 5. f3 b5 6. a4 b4 7. Na2 a5 8. Nc1
Ba6 9. Nd3 Nd7 10. Qd2 Rc8 11. g4 c5 12. dxc5 dxc5 13. Rd1 c4 14. Nf4 Bxb2
15. Nd5 Ngf6 16. Ne2 O-O 17. Bd4 Nxd5 18. Bxb2 c3 19. Qh6 cxb2 20. exd5 Rxc2
21. h4 Ne5 22. h5 Nd3+ 23. Rxd3 Bxd3 24. Nf4 b1=Q# {White checkmated} 0-1

[Event "ICCopen2017"]
[Site "Internet Chess Club"]
[Date "2017.03.26"]
[Round "3"]
[White "BillietheKid"]
[Black "refid"]
[Result "0-1"]
[ICCResult "White resigns"]
[WhiteElo "1428"]
[BlackElo "1818"]
[Opening "French: advance, Paulsen attack"]
[ECO "C02"]
[NIC "FR.03"]
[Time "19:29:42"]
[TimeControl "180+0"]

1. e4 e6 2. d4 d5 3. e5 c5 4. c3 Nc6 5. Nf3 Qb6 6. Be2 Nh6 7. Kf1 Nf5 8. Bd3
cxd4 9. Bxf5 exf5 10. Nxd4 Be6 11. Na3 Bxa3 12. bxa3 Nxd4 13. Qxd4 Qxd4 14.
cxd4 Rc8 15. Be3 Rc2 16. g3 Kd7 17. f4 Rhc8 18. h4 R8c3 19. Bf2 Rxa3 20. Rh2
Raxa2 21. Rxa2 Rxa2 22. Bg1 Rxh2 23. Bxh2 Kc6 24. Bg1 Kb5 25. Ke2 Kc4 26.
Be3 Kb3 27. Kd2 Kb2 28. Kd1 a5 29. Bc1+ Kb1 30. Kd2 b5 31. Kd1 b4 32. Bd2
Bd7 33. Be1 h5 34. Bd2 Ba4+ 35. Ke2 Kc2 36. Be3 b3 {White resigns} 0-1

[Event "ICCopen2017"]
[Site "Internet Chess Club"]
[Date "2017.03.26"]
[Round "3"]
[White "LevAbramovich"]
[Black "WobblySquares"]
[Result "1-0"]
[ICCResult "Black resigns"]
[WhiteElo "2128"]
[BlackElo "1735"]
[Opening "Ruy Lopez: Cozio defense, Paulsen variation"]
[ECO "C60"]
[NIC "RL.04"]
[Time "19:30:21"]
[TimeControl "180+0"]

1. e4 e5 2. Nf3 Nc6 3. Bb5 Nge7 4. Nc3 g6 5. d4 Bg7 6. d5 Nd4 7. Ba4 O-O 8.
Be3 Nxf3+ 9. gxf3 d6 10. Qd2 f5 11. Qe2 f4 12. Bd2 Bd7 13. Bxd7 Qxd7 14.
O-O-O Nc8 15. h4 Nb6 16. Kb1 Na4 17. h5 g5 18. h6 Bf6 19. Rdg1 Kh8 20. Qf1
Rg8 21. Qh3 Nxc3+ 22. Bxc3 Qxh3 23. Rxh3 b5 24. Ba5 Rac8 25. Bb4 Ra8 26. Ba5
Rac8 27. Rhh1 c6 28. dxc6 Rxc6 29. Rd1 Rgc8 30. c3 Be7 31. Rd3 Rc4 32. Rhd1
a6 33. Bb4 R4c6 34. Bxd6 Bxd6 35. Rxd6 a5 36. Rd8+ {Black resigns} 1-0

[Event "ICCopen2017"]
[Site "Internet Chess Club"]
[Date "2017.03.26"]
[Round "3"]
[White "Magagna"]
[Black "VrloJakMK"]
[Result "1-0"]
[ICCResult "Black checkmated"]
[WhiteElo "1672"]
[BlackElo "2001"]
[Opening "Queen's pawn game"]
[ECO "A46"]
[NIC "QP.06"]
[Time "19:30:10"]
[TimeControl "180+0"]

1. d4 Nf6 2. Nf3 c5 3. dxc5 Na6 4. Be3 Nd5 5. Qxd5 e6 6. Qd1 Be7 7. g3 Bf6
8. c3 O-O 9. Bg2 Nc7 10. O-O e5 11. Nfd2 d5 12. f4 Qd6 13. fxe5 Qxe5 14. Bf4
Qe7 15. Bd6 Qd7 16. Bxf8 Kxf8 17. e4 Qc6 18. exd5 Qxc5+ 19. Kh1 Nxd5 20.
Bxd5 Qxd5+ 21. Nf3 Qc6 22. Nd2 Bg4 23. Qb3 h5 24. Kg1 Kg8 25. Rae1 Rd8 26.
Re2 b5 27. Qc2 Qc5+ 28. Kh1 Qd5 29. Qe4 Qxa2 30. Rfe1 Qxb2 31. Qb1 Qxc3 32.
Re8+ Rxe8 33. Rxe8# {Black checkmated} 1-0

[Event "ICCopen2017"]
[Site "Internet Chess Club"]
[Date "2017.03.26"]
[Round "3"]
[White "mbanan"]
[Black "hecan58"]
[Result "0-1"]
[ICCResult "White forfeits on time"]
[WhiteElo "1290"]
[BlackElo "1550"]
[Opening "King's Indian: East Indian defense"]
[ECO "A48"]
[NIC "QP.06"]
[Time "19:29:52"]
[TimeControl "180+0"]

1. d4 Nf6 2. Nf3 g6 3. Nc3 Bg7 4. b3 d6 5. Bb2 O-O 6. e3 b6 7. Bd3 Bb7 8.
O-O c5 9. Re1 e5 10. Ne2 e4 11. Ng3 exd3 12. cxd3 Nc6 13. dxc5 dxc5 14. Rc1
Re8 15. d4 cxd4 16. exd4 Rxe1+ 17. Qxe1 Nd5 18. a3 Qd7 19. Ne5 Nxe5 20. dxe5
Re8 21. f4 Nxf4 22. Rd1 Qc6 23. Qf1 Nxg2 {White forfeits on time} 0-1

[Event "ICCopen2017"]
[Site "Internet Chess Club"]
[Date "2017.03.26"]
[Round "3"]
[White "RdgMx"]
[Black "justlucky"]
[Result "1-0"]
[ICCResult "Black resigns"]
[WhiteElo "1840"]
[BlackElo "1195"]
[Opening "Queen's pawn game"]
[ECO "A46"]
[NIC "QP.06"]
[Time "19:29:56"]
[TimeControl "180+0"]

1. d4 Nf6 2. Nf3 d6 3. Bf4 g6 4. e3 Bg7 5. Bc4 O-O 6. O-O d5 7. Bb3 Nc6 8.
c3 Bg4 9. h3 Bd7 10. Ne5 Nxe5 11. Bxe5 c6 12. Nd2 Bf5 13. Re1 Rc8 14. Bxf6
Bxf6 15. e4 dxe4 16. Nxe4 Bg7 17. Ng3 Bd7 18. Qe2 e6 19. Ne4 e5 20. Nd6 Rc7
21. dxe5 Be6 22. Bxe6 fxe6 23. Rad1 Qe7 24. c4 b6 25. b4 c5 26. b5 Rd8 27.
a4 Qg5 28. Qe3 {Black resigns} 1-0

[Event "ICCopen2017"]
[Site "Internet Chess Club"]
[Date "2017.03.26"]
[Round "3"]
[White "nikenwidiartto"]
[Black "chuckechess"]
[Result "0-1"]
[ICCResult "White resigns"]
[WhiteElo "1874"]
[BlackElo "2492"]
[Opening "French: Two knights variation"]
[ECO "C00"]
[NIC "FR.01"]
[Time "19:30:49"]
[TimeControl "180+0"]

1. e4 e6 2. Nc3 d5 3. Nf3 Nf6 4. e5 Nfd7 5. d4 c5 6. dxc5 Nc6 7. Bf4 Bxc5 8.
Bd3 O-O 9. Bxh7+ Kxh7 10. Ng5+ Kg6 11. Qd3+ f5 12. exf6+ Kxf6 13. O-O-O Nde5
14. Nh7+ Kf7 15. Qh3 Rh8 16. Rhe1 Ng6 17. Qh5 Rxh7 18. Qxh7 Nxf4 19. g3 Ng6
20. f4 Qh8 {White resigns} 0-1

[Event "ICCopen2017"]
[Site "Internet Chess Club"]
[Date "2017.03.26"]
[Round "3"]
[White "Kalmyk"]
[Black "nino-dg"]
[Result "1-0"]
[ICCResult "Black checkmated"]
[WhiteElo "2845"]
[BlackElo "2382"]
[Opening "Torre attack (Tartakower variation)"]
[ECO "D03"]
[NIC "QP.08"]
[Time "19:29:25"]
[TimeControl "180+0"]

1. d4 d5 2. Nf3 Nf6 3. Bg5 Ne4 4. Bh4 c6 5. Nbd2 Bf5 6. e3 Qb6 7. Nxe4 Bxe4
8. Nd2 Qxb2 9. Nxe4 dxe4 10. Rb1 Qc3+ 11. Qd2 Qxd2+ 12. Kxd2 b6 13. g4 Nd7
14. Bg2 Nf6 15. g5 Nd5 16. c4 Nc7 17. Bxe4 Kd7 18. f4 e6 19. f5 Be7 20. Rhf1
Raf8 21. f6 gxf6 22. gxf6 Bd6 23. Bg5 Bxh2 24. Bh6 Rb8 25. Bg7 Rhd8 26. Rh1
Bd6 27. Rxh7 e5 28. Bf5+ Ne6 29. d5 cxd5 30. cxd5 Kc7 31. dxe6 Bb4+ 32. Ke2
Rd2+ 33. Kf3 Bc5 34. exf7 Rxa2 35. f8=Q Bxf8 36. Bxf8+ Kc6 37. Be4#
{Black checkmated}
1-0

[Event "ICCopen2017"]
[Site "Internet Chess Club"]
[Date "2017.03.26"]
[Round "3"]
[White "Mad-Cobra"]
[Black "weakfish"]
[Result "1-0"]
[ICCResult "Black checkmated"]
[WhiteElo "1860"]
[BlackElo "1312"]
[Opening "Queen's pawn game"]
[ECO "D02"]
[NIC "QP.08"]
[Time "19:29:28"]
[TimeControl "180+0"]

1. d4 d5 2. Nf3 c6 3. Bf4 Bf5 4. e3 e6 5. Bd3 Bxd3 6. cxd3 Nf6 7. h3 Nbd7 8.
a3 Be7 9. b4 O-O 10. Nbd2 a6 11. Qb3 Rc8 12. O-O Qb6 13. Rfc1 Nh5 14. Bh2
Nhf6 15. Qc2 h6 16. Nb3 Rfe8 17. Nc5 Red8 18. Rab1 Re8 19. a4 Red8 20. a5
Qa7 21. Nd2 Nf8 22. f4 Bd6 23. g3 Be7 24. Kg2 Ng6 25. Bg1 h5 26. Bf2 Bd6 27.
Nf3 Nh7 28. Ne5 Nxe5 29. fxe5 Be7 30. h4 g5 31. hxg5 Nxg5 32. Qe2 Kg7 33.
Rh1 Rh8 34. e4 Kg6 35. Be3 f6 36. Bxg5 fxg5 37. Rbf1 Rcf8 38. Rxf8 Bxf8 39.
Rf1 Bxc5 40. bxc5 Qb8 41. Rf6+ Kg7 42. exd5 cxd5 43. Qb2 Rf8 44. Rxe6 g4 45.
Qb6 Qd8 46. Rg6+ Kh8 47. Rh6+ Kg8 48. Qg6# {Black checkmated} 1-0

[Event "ICCopen2017"]
[Site "Internet Chess Club"]
[Date "2017.03.26"]
[Round "3"]
[White "JUGGERNOT"]
[Black "bean5671"]
[Result "1-0"]
[ICCResult "Black resigns"]
[WhiteElo "1866"]
[BlackElo "1321"]
[Opening "Bird's opening"]
[ECO "A02"]
[NIC "VO.07"]
[Time "19:30:41"]
[TimeControl "180+0"]

1. f4 c6 2. Nf3 d5 3. e3 Bf5 4. Be2 e6 5. O-O Nf6 6. Nd4 Bg6 7. f5 exf5 8.
Nxf5 Bxf5 9. Rxf5 Nbd7 10. d3 Bd6 11. Bd2 Bb8 12. Be1 Qc7 13. Bg3 Qd8 14.
Bxb8 Rxb8 15. Nc3 O-O 16. Qf1 Re8 17. Qf2 Re5 18. Rxe5 Nxe5 19. h3 Qd6 20.
Rd1 Re8 21. e4 d4 22. Nb1 c5 23. Nd2 b5 24. Nf3 a5 25. Nxe5 Rxe5 26. c3 Kf8
27. Qg3 Qe7 28. cxd4 cxd4 29. Rc1 g6 30. Qh4 Kg7 31. Rc6 Re6 32. Rc1 b4 33.
Rc4 Rd6 34. Qf4 h6 35. e5 g5 36. exf6+ Rxf6 37. Qg4 Qe3+ 38. Kh2 Kg6 39.
Qe4+ Qxe4 40. dxe4 Rf4 41. Rxd4 f5 42. exf5+ Kxf5 43. Rxf4+ gxf4 44. Kg1 Ke4
45. Kf2 Kd4 46. Kf3 Ke5 47. Bd3 h5 48. h4 a4 49. b3 a3 50. Bg6 Kd4 51. Bxh5
Kc3 52. Bg6 Kb2 53. h5 Kxa2 54. h6 Kxb3 55. h7 a2 56. h8=Q a1=Q 57. Qxa1
{Black resigns}
1-0

[Event "ICCopen2017"]
[Site "Internet Chess Club"]
[Date "2017.03.26"]
[Round "3"]
[White "BoldPlan"]
[Black "lestri"]
[Result "0-1"]
[ICCResult "White resigns"]
[WhiteElo "1814"]
[BlackElo "2569"]
[Opening "King's pawn opening"]
[ECO "B07"]
[NIC "VO.17"]
[Time "19:30:06"]
[TimeControl "180+0"]

1. e4 d6 2. Na3 Nf6 3. d3 e5 4. f4 Nc6 5. Nf3 Bg4 6. c3 Be7 7. Nc2 O-O 8.
Ne3 Bd7 9. g3 exf4 10. gxf4 Nh5 11. Ng2 f5 12. Be2 fxe4 13. dxe4 g6 14. O-O
Bh3 15. Qd5+ Kg7 16. Ng5 Bxg5 17. fxg5 Rxf1+ 18. Kxf1 Qd7 19. Bxh5 gxh5 20.
Be3 Qg4 21. Bd4+ Kg6 22. Qf5+ Qxf5+ 23. exf5+ Kxg5 24. Kg1 Bxg2 25. Kxg2
Nxd4 26. cxd4 Kxf5 27. Rf1+ Ke6 28. Re1+ Kd7 29. Kg3 Rg8+ 30. Kh4 Rg4+ 31.
Kxh5 Rxd4 32. Rf1 Rd2 33. Ra1 {White resigns} 0-1

[Event "ICCopen2017"]
[Site "Internet Chess Club"]
[Date "2017.03.26"]
[Round "3"]
[White "octavia"]
[Black "fishmaster"]
[Result "1-0"]
[ICCResult "Black checkmated"]
[WhiteElo "2234"]
[BlackElo "1743"]
[Opening "King's Indian: Makagonov system (5.h3)"]
[ECO "E71"]
[NIC "KI.30"]
[Time "19:29:47"]
[TimeControl "180+0"]

1. c4 Nf6 2. Nc3 g6 3. e4 d6 4. d4 Bg7 5. h3 O-O 6. Bg5 e5 7. d5 Nbd7 8. Bd3
h6 9. Be3 Nc5 10. Bc2 a5 11. g4 Nh7 12. Qd2 Ng5 13. h4 Nh7 14. Bxh6 Bxg4 15.
f3 Bd7 16. h5 Qf6 17. Bxg7 Qxg7 18. O-O-O g5 19. Nge2 f6 20. Ng3 Qh6 21. Kb1
Kf7 22. Bd3 a4 23. Bf1 Rfb8 24. Bh3 Qf8 25. Bxd7 Nxd7 26. Nf5 a3 27. b3 Nb6
28. Nb5 Rc8 29. h6 Ra6 30. Qh2 Nxc4 31. Qh5+ Kg8 32. bxc4 c6 33. Qg6+ Kh8
34. Qg7+ Qxg7 35. hxg7+ Kg8 36. Nbxd6 Rb6+ 37. Kc1 Ra8 38. Rxh7 Kxh7 39.
Rh1+ Kg6 40. Rh6# {Black checkmated} 1-0

[Event "ICCopen2017"]
[Site "Internet Chess Club"]
[Date "2017.03.26"]
[Round "3"]
[White "alan2015"]
[Black "BronStorm"]
[Result "1-0"]
[ICCResult "Black resigns"]
[WhiteElo "1555"]
[BlackElo "1853"]
[Opening "Sicilian: Taimanov (Bastrikov) variation"]
[ECO "B47"]
[NIC "SI.40"]
[Time "19:29:29"]
[TimeControl "180+0"]

1. e4 c5 2. Nf3 e6 3. d4 cxd4 4. Nxd4 Nc6 5. Nc3 Qc7 6. Nb3 a6 7. Bd3 Nf6 8.
Bd2 Be7 9. O-O d6 10. f4 b5 11. Qf3 Bb7 12. Kh1 h5 13. Ne2 h4 14. a4 b4 15.
Ned4 Nxd4 16. Nxd4 d5 17. e5 Nd7 18. c3 Qb6 19. a5 Qa7 20. Be3 Bc5 21. Qf2
bxc3 22. bxc3 g6 23. Rab1 Rb8 24. Nc2 Bxe3 25. Nxe3 Ke7 26. Nxd5+ Bxd5 27.
Qxa7 Rxb1 28. Rxb1 h3 29. Bf1 Rh4 30. c4 Be4 31. Rd1 Rxf4 32. Qxd7+ Kf8 33.
Qd2 g5 34. Qxf4 gxf4 35. Kg1 {Black resigns} 1-0

[Event "ICCopen2017"]
[Site "Internet Chess Club"]
[Date "2017.03.26"]
[Round "3"]
[White "ROWLAND"]
[Black "leonardoalmeida"]
[Result "0-1"]
[ICCResult "White resigns"]
[WhiteElo "1418"]
[BlackElo "1795"]
[Opening "Scandinavian, Mieses-Kotrc gambit"]
[ECO "B01"]
[NIC "SD.01"]
[Time "19:30:50"]
[TimeControl "180+0"]

1. e4 d5 2. exd5 Qxd5 3. Nc3 Qa5 4. b4 Qb6 5. Nf3 Bg4 6. Be2 c6 7. O-O e6 8.
a3 Nf6 9. Ne5 Bxe2 10. Qxe2 Be7 11. d3 Nbd7 12. Nxd7 Nxd7 13. Be3 Qd8 14.
Ne4 O-O 15. Bf4 Nf6 16. Ng5 Qd7 17. Nf3 Nd5 18. Be5 Bf6 19. d4 Rad8 20. c4
Nc3 21. Qe3 Bxe5 22. dxe5 Qd3 23. Rfe1 Qxc4 24. Rac1 Rd3 25. Qg5 h6 26. Qh5
Rfd8 27. h3 Ne2+ 28. Kh2 Nxc1 29. Nd2 Rxd2 {White resigns} 0-1

[Event "ICCopen2017"]
[Site "Internet Chess Club"]
[Date "2017.03.26"]
[Round "3"]
[White "UnderArmour"]
[Black "bythebook"]
[Result "1-0"]
[ICCResult "Black forfeits on time"]
[WhiteElo "1962"]
[BlackElo "1604"]
[Opening "Caro-Kann: advance variation"]
[ECO "B12"]
[NIC "CK.04"]
[Time "19:30:16"]
[TimeControl "180+0"]

1. e4 c6 2. d4 d5 3. e5 Bf5 4. h4 h5 5. c4 e6 6. Nc3 dxc4 7. Bxc4 Ne7 8. Bg5
Qb6 9. Qd2 Nd5 10. Bxd5 cxd5 11. Nge2 Nc6 12. Rd1 Na5 13. b3 Bb4 14. O-O Rc8
15. Qe3 O-O 16. Rc1 Rc6 17. Ng3 Bg6 18. Nce2 Rfc8 19. Rxc6 Rxc6 20. Nf4 Rc3
21. Qe2 Rc2 22. Qd1 Rd2 23. Qf3 Qxd4 24. Nxg6 fxg6 25. Bxd2 Bxd2 26. Rd1 Qb4
27. Qd3 Bf4 28. Qxg6 {Black forfeits on time} 1-0

[Event "ICCopen2017"]
[Site "Internet Chess Club"]
[Date "2017.03.26"]
[Round "3"]
[White "Dupinpon"]
[Black "BUHO64"]
[Result "0-1"]
[ICCResult "White resigns"]
[WhiteElo "1636"]
[BlackElo "2012"]
[Opening "Sicilian defense"]
[ECO "B20"]
[NIC "SI.48"]
[Time "19:30:22"]
[TimeControl "180+0"]

1. e4 c5 2. d3 Nc6 3. g3 g6 4. Bg2 Bg7 5. Nh3 d6 6. f3 Rb8 7. Nf2 b5 8. O-O
Bb7 9. c3 e6 10. Nd2 Nge7 11. Qe2 O-O 12. a3 a5 13. a4 b4 14. Nd1 bxc3 15.
bxc3 Ba6 16. Rb1 Qc7 17. Bb2 Ne5 18. Nf2 c4 19. d4 Nd3 20. Ba3 d5 21. Rfd1
Rfe8 22. f4 Nxf2 23. Kxf2 f5 24. e5 Bf8 25. Bd6 Qa7 26. Bxb8 Rxb8 27. Rxb8
Qxb8 28. Rb1 Qc7 29. Qe1 Bc8 30. Qc1 Bd7 31. Ra1 Nc8 32. Qb1 Nb6 33. h3 Nxa4
34. Qb2 Nxb2 {White resigns} 0-1

[Event "ICCopen2017"]
[Site "Internet Chess Club"]
[Date "2017.03.26"]
[Round "3"]
[White "Morad-Magdy"]
[Black "ALexiz"]
[Result "1-0"]
[ICCResult "Black resigns"]
[WhiteElo "2031"]
[BlackElo "1659"]
[Opening "Queen's pawn: Yusupov-Rubinstein system"]
[ECO "A46"]
[NIC "QP.06"]
[Time "19:30:00"]
[TimeControl "180+0"]

1. d4 Nf6 2. Nf3 e6 3. e3 b6 4. Bd3 Bb7 5. Nbd2 d5 6. O-O Bd6 7. b3 Nbd7 8.
Bb2 c5 9. Ne5 O-O 10. f4 Ne4 11. Rf3 f5 12. Rh3 Ndf6 13. Qe2 Qe7 14. Rf1
Rac8 15. Kh1 cxd4 16. exd4 Rc7 17. Ndf3 Rfc8 18. Ng5 Bxe5 19. dxe5 Ng4 20.
Nxh7 Qc5 21. Bxe4 dxe4 22. c4 Rd7 23. Ng5 Rcd8 24. Nxe6 Qe7 25. Nxd8 Qxd8
26. e6 Rd2 27. e7 Qd7 28. Qxd2 Qxe7 29. Qd4 e3 30. Rhf3 Bxf3 31. gxf3 e2 32.
Re1 Nf6 33. Qe5 Qb7 34. Qxe2 Kh7 35. Bxf6 {Black resigns} 1-0

[Event "ICCopen2017"]
[Site "Internet Chess Club"]
[Date "2017.03.26"]
[Round "3"]
[White "ylr5000"]
[Black "findles"]
[Result "1-0"]
[ICCResult "Black resigns"]
[WhiteElo "2291"]
[BlackElo "1864"]
[Opening "Queen's pawn game"]
[ECO "E06"]
[NIC "CA.05"]
[Time "19:30:25"]
[TimeControl "180+0"]

1. d4 Nf6 2. Nf3 e6 3. g3 d5 4. Bg2 Be7 5. O-O O-O 6. c4 dxc4 7. Qa4 a6 8.
Qxc4 b5 9. Qc2 Bb7 10. Bg5 Nbd7 11. Nbd2 Rc8 12. Bxf6 Nxf6 13. Nb3 c5 14.
dxc5 Bd5 15. Rfd1 Qc7 16. Rac1 Ne4 17. c6 Bxc6 18. Nfd4 Qb6 19. Bxe4 Bxe4
20. Qxe4 {Black resigns} 1-0

[Event "ICCopen2017"]
[Site "Internet Chess Club"]
[Date "2017.03.26"]
[Round "3"]
[White "Massada"]
[Black "hgarjur"]
[Result "0-1"]
[ICCResult "White forfeits on time"]
[WhiteElo "1539"]
[BlackElo "1909"]
[Opening "Sicilian: dragon, Yugoslav attack, 7...O-O"]
[ECO "B76"]
[NIC "SI.17"]
[Time "19:30:11"]
[TimeControl "180+0"]

1. e4 c5 2. Nf3 d6 3. d4 cxd4 4. Nxd4 Nf6 5. Nc3 g6 6. f3 Bg7 7. Be3 O-O 8.
Qd2 Nc6 9. Nb3 a6 10. O-O-O b5 11. g4 h5 12. g5 Nd7 13. Nd5 Bb7 14. f4 Rc8
15. Bh3 a5 16. Bxd7 Qxd7 17. Nb6 Qc7 18. Nxc8 Rxc8 19. Kb1 a4 20. Nd4 Nxd4
21. Bxd4 Bxe4 22. Bxg7 Bxc2+ 23. Ka1 Bxd1 24. Rxd1 Kxg7 25. Kb1 Qc4 26. Qd4+
Qxd4 27. Rxd4 Rc5 28. a3 Rf5 29. Re4 Kf8 30. Kc2 Rc5+ 31. Kd2 Ke8 32. h4 Kd7
33. Rd4 e6 34. Re4 Kc6 35. Rd4 e5 36. fxe5 dxe5 37. Re4 Kd6 38. Re3 Ke6
{White forfeits on time}
0-1

[Event "ICCopen2017"]
[Site "Internet Chess Club"]
[Date "2017.03.26"]
[Round "3"]
[White "BlueGreen"]
[Black "littleplotkin"]
[Result "1-0"]
[ICCResult "Black checkmated"]
[WhiteElo "2735"]
[BlackElo "2266"]
[Opening "Réti opening"]
[ECO "A04"]
[NIC "QP.11"]
[Time "19:30:09"]
[TimeControl "180+0"]

1. Nf3 g6 2. g3 Bg7 3. Bg2 e5 4. d3 Ne7 5. O-O O-O 6. c4 Nbc6 7. e4 d6 8.
Nc3 h6 9. Rb1 a5 10. a3 f5 11. b4 f4 12. b5 Nd4 13. Nxd4 exd4 14. Nd5 Nxd5
15. cxd5 fxg3 16. hxg3 b6 17. Bb2 Bd7 18. a4 Qe7 19. Rc1 Rac8 20. Rc4 g5 21.
Bxd4 Be5 22. Qh5 Bxd4 23. Rxd4 Qg7 24. Rc4 Rf7 25. Rfc1 Be8 26. Qg4 Bd7 27.
Qe2 Be8 28. Bh3 Bd7 29. Bg4 Bxg4 30. Qxg4 Rd7 31. d4 Rf8 32. e5 Rdf7 33. f4
dxe5 34. fxe5 Kh8 35. Rc6 Kh7 36. Qe4+ Kh8 37. Qg6 Qxg6 38. Rxg6 Rd8 39.
Rxh6+ Kg7 40. Rh5 Rxd5 41. Rxg5+ Kh6 42. Rg4 Kh5 43. Rh4+ Kg5 44. Rf1 Rfd7
45. Rff4 Re7 46. Rh8 Rdd7 47. Rg8+ Rg7 48. Rxg7+ Rxg7 49. Kg2 Rg6 50. Kf3 c6
51. Rg4+ Kf5 52. Rxg6 cxb5 53. Rf6+ Kg5 54. axb5 a4 55. Rxb6 a3 56. Ra6 a2
57. Rxa2 Kf5 58. b6 Kg5 59. b7 Kf5 60. Ra6 Kg5 61. b8=Q Kf5 62. Qf8+ Kg5 63.
Qf4+ Kh5 64. Qh4# {Black checkmated} 1-0

[Event "ICCopen2017"]
[Site "Internet Chess Club"]
[Date "2017.03.26"]
[Round "3"]
[White "Athena2020"]
[Black "OTBB"]
[Result "0-1"]
[ICCResult "White forfeits on time"]
[WhiteElo "1096"]
[BlackElo "1588"]
[Opening "QGD: classical variation (5.Bf4)"]
[ECO "D30"]
[NIC "QP.08"]
[Time "19:30:39"]
[TimeControl "180+0"]

1. d4 d5 2. c4 e6 3. Nf3 Be7 4. Nc3 Nf6 5. Bf4 O-O 6. Rc1 c5 7. e3 Nc6 8.
Bd3 cxd4 9. exd4 dxc4 10. Bxc4 Nb4 11. O-O b6 12. Ne5 Bb7 13. Qe2 Rc8 14.
Rfd1 Nbd5 15. Nxd5 Nxd5 16. Bg3 Bd6 17. Rd3 Be7 18. Rcd1 Nb4 19. Re3 Nd5 20.
Red3 g6 21. h3 Bf6 22. Bh2 Qe7 23. Rg3 Bg7 {White forfeits on time} 0-1

[Event "ICCopen2017"]
[Site "Internet Chess Club"]
[Date "2017.03.26"]
[Round "3"]
[White "arsam"]
[Black "playwaycool"]
[Result "1-0"]
[ICCResult "Black checkmated"]
[WhiteElo "2694"]
[BlackElo "2234"]
[Opening "Caro-Kann: advance variation"]
[ECO "B12"]
[NIC "CK.04"]
[Time "19:30:22"]
[TimeControl "180+0"]

1. e4 c6 2. d4 d5 3. e5 Bf5 4. h4 h5 5. c4 e6 6. Nc3 Nd7 7. Nge2 Ne7 8. Ng3
g6 9. Bg5 Qa5 10. Qd2 a6 11. Be2 O-O-O 12. O-O Kb8 13. b4 Qc7 14. cxd5 exd5
15. Nxf5 Nxf5 16. Rfc1 Bxb4 17. Bxd8 Qxd8 18. Rab1 a5 19. a3 Bxa3 20. Ba6 b6
21. Rc2 Qxh4 22. Ne2 Bb4 23. Rxb4 axb4 24. Rxc6 Ne7 25. Rd6 Rd8 26. Qxb4 Nc8
27. Bxc8 Kxc8 28. Rc6+ Kb7 29. Qd6 Qe4 30. Rc7+ Ka6 31. Qa3+ Kb5 32. Nc3#
{Black checkmated}
1-0

[Event "ICCopen2017"]
[Site "Internet Chess Club"]
[Date "2017.03.26"]
[Round "3"]
[White "dynamo"]
[Black "Bonao"]
[Result "1/2-1/2"]
[ICCResult "Game drawn because neither player has mating material"]
[WhiteElo "1721"]
[BlackElo "2062"]
[Opening "French: Two knights variation"]
[ECO "C00"]
[NIC "FR.01"]
[Time "19:30:10"]
[TimeControl "180+0"]

1. e4 e6 2. Nf3 d5 3. Nc3 dxe4 4. Nxe4 Nd7 5. d4 Ngf6 6. Ng3 Be7 7. Bd3 O-O
8. O-O c5 9. c3 b6 10. Be3 Bb7 11. Re1 Qc7 12. Rc1 Rfd8 13. Bb1 Rac8 14.
dxc5 Nxc5 15. Qc2 g6 16. Rcd1 Rxd1 17. Rxd1 Rd8 18. Rxd8+ Qxd8 19. Ne1 Qd5
20. f3 Qe5 21. Bf2 h5 22. Nd3 Nxd3 23. Qxd3 h4 24. Nf1 Bc5 25. Bxc5 Qxc5+
26. Qe3 Qxe3+ 27. Nxe3 Kf8 28. Kf2 Ke7 29. b3 g5 30. Bd3 Nd5 31. Nxd5+ Bxd5
32. c4 Bc6 33. g3 hxg3+ 34. hxg3 f6 35. Ke3 Kd6 36. f4 gxf4+ 37. gxf4 e5 38.
fxe5+ fxe5 39. b4 a5 40. a3 axb4 41. axb4 Be8 42. Be4 Bf7 43. Bd3 Be6 44.
Be2 Bf5 45. Bd3 Be6 46. Ke4 Bf7 47. c5+ bxc5 48. bxc5+ Kxc5 49. Kxe5
{Game drawn because neither player has mating material}
1/2-1/2

[Event "ICCopen2017"]
[Site "Internet Chess Club"]
[Date "2017.03.26"]
[Round "3"]
[White "Piranha"]
[Black "jbow79"]
[Result "1-0"]
[ICCResult "Black resigns"]
[WhiteElo "1628"]
[BlackElo "984"]
[Opening "Scandinavian (center counter) defense"]
[ECO "B01"]
[NIC "SD.02"]
[Time "19:29:46"]
[TimeControl "180+0"]

1. e4 d5 2. exd5 Qxd5 3. Nc3 Qd8 4. Nf3 Bg4 5. Be2 Bxf3 6. Bxf3 c6 7. d4 Nf6
8. Be3 e6 9. Qd2 Qd7 10. O-O Be7 11. Rfe1 O-O 12. Ne4 Nd5 13. Rad1 Na6 14.
a3 Nac7 15. c4 Nf6 16. Ng3 Rad8 17. Qc2 Ng4 18. Bf4 Nf6 19. Ne4 Nxe4 20.
Bxe4 g6 21. Bh6 Rfe8 22. Qe2 Bf6 23. Be3 Qe7 24. Qf3 Rd7 25. Rd3 Red8 26.
Red1 Ne8 27. h3 Nd6 28. b3 Nxe4 29. Qxe4 Bg7 30. d5 exd5 31. Qxe7 Rxe7 32.
cxd5 cxd5 33. Rxd5 Rxd5 34. Rxd5 f5 35. Bxa7 Re1+ 36. Kh2 Be5+ 37. g3 Re2
38. Kg2 Rb2 39. Rb5 Bf6 40. Rxb7 Ra2 41. a4 {Black resigns} 1-0

[Event "ICCopen2017"]
[Site "Internet Chess Club"]
[Date "2017.03.26"]
[Round "3"]
[White "FGM21"]
[Black "BrentMusburger"]
[Result "0-1"]
[ICCResult "White forfeits on time"]
[WhiteElo "1926"]
[BlackElo "2348"]
[Opening "Sicilian: Labourdonnais-Löwenthal (Kalashnikov) variation"]
[ECO "B32"]
[NIC "SI.32"]
[Time "19:29:26"]
[TimeControl "180+0"]

1. e4 c5 2. Nf3 Nc6 3. d4 cxd4 4. Nxd4 e5 5. Nb5 d6 6. N1c3 a6 7. Na3 b5 8.
Nd5 Nge7 9. c4 Nd4 10. Bg5 Qa5+ 11. Bd2 Qd8 12. Nxe7 Bxe7 13. cxb5 O-O 14.
Bc3 f5 15. Bc4+ Kh8 16. Bxd4 exd4 17. O-O fxe4 18. Bd5 Rb8 19. Bxe4 axb5 20.
Qh5 h6 21. Qg6 Kg8 22. Qh7+ Kf7 23. Qg6+ Kg8 24. Bd5+ Kh8 25. Be4 Kg8 26.
Qh7+ Kf7 27. Bd5+ Kf6 28. Rae1 Bf5 29. Re6+ Bxe6 30. Bxe6 Kxe6 31. Re1+ Kd7
32. Qxg7 Qe8 33. Qg4+ Kd8 34. Qxd4 Qc6 35. Qa7 Qb7 36. Qa5+ Qb6 37. Qc3
Qxf2+ 38. Kh1 Qf1+ {White forfeits on time} 0-1